Construct Section Command Post
Selects Air and Sea Battlegroup
Construct Platoon Command Post
Construct Field Infirmary
Unlock M3 Stuart Light Tanks
Selects Commando Section Paradrop
Construct Field Infirmary
Selects Commando Support Section Paradrop
Unlock Bishop Self-propelled Artillery
Bishop Self-propelled Artillery
Bishop Self-propelled Artillery
Construct Company Command Post
Unlock Towed 17-pounder Anti-tank Guns
Selects Anti-tank Rocket Loiter
17-pounder Anti-tank Gun Team
Construct Field Infirmary
Commando Support Section Paradrop
17-pounder Anti-tank Gun Team